 Dungeon Crawl Stone Soup version 0.18.1-8-gdd0e5ea (webtiles) character file.

151 Firecrotchwizard the Bolt Thrower (level 5, -7/31 HPs)
             Began as a Kobold Hunter on June 9, 2016.
             Was an Initiate of Dithmenos.
             Mangled by an orc
             ... wielding a +0 flail
              (8 damage)
             ... on level 3 of the Dungeon.
             The game lasted 00:08:03 (1209 turns).

Firecrotchwizard the Bolt Thrower (Kobold Hunter)   Turns: 1209, Time: 00:08:04

Health: -7/31      AC:  3    Str: 11    XL:     5   Next: 59%
Magic:  5/5        EV: 15    Int:  9    God:    Dithmenos [......]
Gold:   95         SH:  0    Dex: 17    Spells: 0 memorised, 4 levels left

rFire  . . .     SeeInvis .     a - +1 hand crossbow
rCold  . . .     Gourm    .     c - +0 leather armour
rNeg   . . .     Faith    .     (shield restricted)
rPois  .         Spirit   .     (no helmet)
rElec  .         Dismiss  .     (no cloak)
rCorr  .         Reflect  .     (no gloves)
SustAt .         Harm     .     (no boots)
MR     .....                    (no amulet)
Stlth  ++........               (no ring)
                                (no ring)

@: slowed, very slow, not resistant to hostile enchantments, unstealthy
A: carnivore 3
a: Renounce Religion


You were on level 3 of the Dungeon.
You worshipped Dithmenos.
Dithmenos was noncommittal.
You were not hungry.

You visited 1 branch of the dungeon, and saw 3 of its levels.

You collected 95 gold pieces.

Inventory:

Hand Weapons
 a - a +1 hand crossbow (weapon)
 b - a +0 short sword
Missiles
 i - 32 arrows
 o - 5 javelins of returning
Armour
 c - a +0 leather armour (worn)
 k - a +0 pair of gloves
Jewellery
 t - an uncursed ring of protection from magic {unknown}
Scrolls
 e - 2 scrolls of random uselessness
 g - 2 scrolls of teleportation
 m - a scroll of amnesia {unknown}
 n - a scroll of magic mapping
 p - a scroll of remove curse {unknown}
Potions
 j - a potion of brilliance {unknown}
 l - a potion of might {unknown}
 q - a potion of heal wounds {unknown}
 r - a potion of lignification {unknown}
Comestibles
 f - 2 meat rations
 h - a beef jerky


   Skills:
 + Level 2.5 Fighting
 + Level 7.1 Crossbows
 + Level 0.5 Armour
 + Level 3.2 Dodging
 + Level 1.3 Stealth


You had 4 spell levels left.
You didn't know any spells.

Dungeon Overview and Level Annotations

Branches:
Dungeon (3/15)

Altars:
Dithmenos
Elyvilon
Fedhas
Kikubaaqudgha
Makhleb
Trog
Vehumet
The Shining One


Innate Abilities, Weirdness & Mutations

You are small and have problems with some larger weapons.
You are carnivorous and can eat meat at any time.


Message History

The bolt hits the orc but does no damage.
The orc closely misses you. The orc misses you.
An orc wizard comes into view. It is wielding a dagger.
The orc wizard shouts!
The orc wizard casts a spell.
The orc wizard flickers and vanishes!
Deactivating autopickup; reactivate with Ctrl-A.
The orc hits you with a flail.
* * * LOW HITPOINT WARNING * * *
The orc barely misses you.
The orc hits you from afar with a trident.
* * * LOW HITPOINT WARNING * * *
Drink which item? (? for menu, Esc to quit)
It was a potion of cure mutation.
It has a very clean taste.
The orc hits you but does no damage. The orc hits you with a flail.
* * * LOW HITPOINT WARNING * * *
The orc misses you. The orc barely misses you.
The orc hits you but does no damage. The orc hits you with a flail!
You die...

*,,,,#......>.#*.#,*
*,*,*
*,*,*#........##.#.#
*,*,*
*,,,.............#.#
*,*,*
***.######.####..#.#
*,*,* ,,,,,,,,...#
#...#.# *,*,*
***,***###.###...#.#
*,*,* *,* #........#.#
*,*,* *,*
#..####.##.#######*,*,*
*,* #.##
#.@oo)(..(((,,*,** *,*
#.#######o.).....(,,,,,*
*,*
#..........#######******
*,* ##########.# *,* #.#
*,* #.# *,* **#.#** *,*
*,...,*
*,************,*.#,*


You could see 3 orcs.

Vanquished Creatures
  An orc priest (D:3)
  2 orc wizards (D:3)
  3 adders (D:2)
  An ooze (D:1)
  A worm (D:2)
  A giant gecko (D:1)
  An orc (D:3)
  2 ball pythons
  A giant cockroach (D:1)
  2 goblins (D:2)
  4 hobgoblins
  2 jackals (D:1)
  A kobold (D:2)
  7 bats
  A giant newt (D:1)
  5 rats
35 creatures vanquished.

Notes
Turn   | Place    | Note
--------------------------------------------------------------
     0 | D:1      | Firecrotchwizard the Kobold Hunter began the quest for the Orb.
     0 | D:1      | Reached XP level 1. HP: 12/12 MP: 1/1
    52 | D:1      | Reached skill level 5 in Crossbows
   106 | D:1      | Reached XP level 2. HP: 17/17 MP: 2/2
   312 | D:1      | Found a glowing golden altar of the Shining One.
   381 | D:1      | Reached XP level 3. HP: 15/21 MP: 3/3
   592 | D:2      | Reached skill level 6 in Crossbows
   692 | D:2      | Reached XP level 4. HP: 27/27 MP: 4/4
   855 | D:2      | Found a faded altar to an unknown god.
   874 | D:2      | Became a worshipper of Trog the Wrathful
   874 | D:2      | Reached * piety under Trog
  1002 | D:2      | Found a white marble altar of Elyvilon.
  1005 | D:2      | Found an ancient bone altar of Kikubaaqudgha.
  1011 | D:2      | Found a shadowy altar of Dithmenos.
  1013 | D:2      | Found a blossoming altar of Fedhas.
  1014 | D:2      | Found a radiant altar of Vehumet.
  1016 | D:2      | Found a burning altar of Makhleb.
  1042 | D:2      | Fell from the grace of Trog
  1042 | D:2      | Became a worshipper of Dithmenos the Shadowed
  1204 | D:3      | Reached skill level 7 in Crossbows
  1204 | D:3      | Reached XP level 5. HP: 12/31 MP: 5/5
  1208 | D:3      | HP: 1/31 [orc/flail (2)]
  1209 | D:3      | Mangled by an orc

Skill      XL: |  1  2  3  4  5 |
---------------+----------------+-----
Crossbows      | 5 6 7 |  7.1
Dodging        | 3 |  3.2
Fighting       | |  2.5
Armour         | |  0.5
Stealth        | |  1.3

Action                   |  1- 3 |  4- 6 || total
-------------------------+-------+-------++-------
 Fire: Hand crossbow     |    40 |    27 ||    67
  Use: Scroll            |       |     3 ||     3
       Potion            |       |     1 ||     1
  Eat: Chunk             |     3 |       ||     3
Armor: Leather armour    |     5 |     4 ||     9
Dodge: Dodged            |     6 |    14 ||    20
